 Dungeon Crawl Stone Soup version 0.27.1-37-g7b29ead8ac (console) character file.

Game seed: 2029736861853687136

650838 grimtooth the Sniper (level 27, -33/164 HPs)
             Began as a Kobold Hunter on Jan 9, 2023.
             Was a High Priest of Hepliaklqana.
             Killed from afar by an orb of fire (109 damage)
             ... with a bolt of fire
             ... on level 5 of the Realm of Zot on Feb 27, 2023.
             The game lasted 13:45:51 (87402 turns).

grimtooth the Sniper (Kobold Hunter)               Turns: 87402, Time: 13:45:52

Health: -33/164    AC: 32    Str: 21    XL:     27
Magic:  24/32      EV: 31    Int: 19    God:    Hepliaklqana [*****.]
Gold:   5483       SH:  0    Dex: 24    Spells: 16/26 levels left

rFire    . . .     SeeInvis +   r - +9 triple crossbow (freeze)
rCold    + . .     Faith    .   (shield currently unavailable)
rNeg     . . .     Spirit   .   K - +6 acid dragon scales
rPois    +         Reflect  .   V - +2 helmet {SInv}
rElec    .         Harm     .   y - +2 cloak {rPois}
rCorr    +         Rampage  .   o - +4 pair of gloves of the Loofah {rC+ Str+5}
Will     ++...     Rnd*Rage +   D - +2 pair of boots {Stlth+}
Stlth    ++++++++++             T - amulet "Qiucloar" {Regen+ Str+6}
HPRegen  1.37/turn              i - ring of Mucig {rCorr AC+4 Dex+3 Slay+5 Stlth-}
MPRegen  0.23/turn              m - +4 ring of slaying

@: mighty, portalling projectiles, hasted, studying Ice Magic, very quick
A: reduced essence, small, no large weapons, nightstalker 3, berserk 1, deformed
body
}: 4/15 runes: barnacled, slimy, silver, gossamer
a: Renounce Religion, Recall Ancestor, Ancestor Identity, Transference, Idealise


You were on level 5 of the Realm of Zot.
You worshipped Hepliaklqana.
Hepliaklqana was extremely pleased with you.
You visited 11 branches of the dungeon, and saw 55 of its levels.
You also visited: Bailey, Gauntlet, Ice Cave and Volcano.

You collected 9680 gold pieces.
You spent 4197 gold pieces at shops.

Inventory:

Hand Weapons
 a - the +8 arc blade {discharge, rElec}
   (You found it on level 4 of the Shoals)

   It occasionally unleashes powerful arcs of lightning upon striking a foe.
   These may arc to other adjacent creatures (including the wielder, but dealing
   reduced damage to them) before grounding out.
   rElec:     It insulates you from electricity.
 b - a +6 quick blade of freezing
 r - a +9 triple crossbow of freezing (weapon)
 w - the +2 hand crossbow of Wuroy {flame, Will+ Str+8 Int+3 Dex-5}
   (You found it on level 3 of the Elven Halls)

   Any ammunition fired from it burns those it strikes, dealing additional fire
   damage.
   Str:       It affects your strength (+8).
   Int:       It affects your intelligence (+3).
   Dex:       It affects your dexterity (-5).
   Will:      It increases your willpower.
Missiles
 h - 10 throwing nets {=f}
 z - 17 atropa-tipped darts
 L - 9 curare-tipped darts
 M - 1426 bolts (quivered ammo)
Armour
 o - the +4 pair of gloves of the Loofah (worn) {rC+ Str+5}
   (You found it on level 4 of the Depths)

   Str:       It affects your strength (+5).
   rC:        It protects you from cold.
 x - a +2 pair of gloves of archery
 y - a +2 cloak of poison resistance (worn)
 D - a +2 pair of boots of stealth (worn)
 K - +6 acid dragon scales (worn)
 V - a +2 helmet of see invisible (worn)
Jewellery
 i - the ring of Mucig (left hand) {rCorr AC+4 Dex+3 Slay+5 Stlth-}
   (You acquired it on level 13 of the Dungeon)

   [ring of protection]

   AC:        It affects your AC (+4).
   Dex:       It affects your dexterity (+3).
   Slay:      It affects your accuracy & damage with ranged weapons and melee
   (+5).
   rCorr:     It protects you from acid and corrosion.
   Stlth:     It makes you less stealthy.
 k - the ring "Las Sonn" {*Slow +Blink rPois rF+++ rN+}
   (You found it in a Gauntlet)

   [ring of positive energy]

   rF:        It renders you almost immune to fire.
   rPois:     It protects you from poison.
   rN:        It protects you from negative energy.
   +Blink:    It lets you blink.
   *Slow:     It may slow you when you take damage.
 m - a +4 ring of slaying (right hand)
 A - the amulet "Ybraubla" {Reflect rPois rF+ Str+4 Dex-3 SH+5}
   (You found it on level 1 of the Lair of Beasts)

   [amulet of reflection]

   It reflects blocked missile attacks.
   Str:       It affects your strength (+4).
   Dex:       It affects your dexterity (-3).
   rF:        It protects you from fire.
   rPois:     It protects you from poison.
   SH:        It affects your SH (+5).
 B - the ring of the Present {rPois AC+4 Str+2 Int+5}
   (You found it on level 11 of the Dungeon)

   [ring of protection]

   AC:        It affects your AC (+4).
   Str:       It affects your strength (+2).
   Int:       It affects your intelligence (+5).
   rPois:     It protects you from poison.
 P - the ring of the Mage {Wiz Will++ Int+3}
   (You acquired it on level 13 of the Dungeon)

   [ring of wizardry]

   It improves your spell success rate.
   Int:       It affects your intelligence (+3).
   Will:      It greatly increases your willpower.
 T - the amulet "Qiucloar" (around neck) {Regen+ Str+6}
   (You took it off an ironbound preserver on level 5 of the Vaults)

   [amulet of regeneration]

   Str:       It affects your strength (+6).
   Regen:     It increases your rate of health regeneration.
 Y - the ring "Tooxusam" {rC+ rCorr Int+6}
   (You took it off a fire giant on level 5 of the Vaults)

   [ring of resist corrosion]

   Int:       It affects your intelligence (+6).
   rC:        It protects you from cold.
   rCorr:     It protects you from acid and corrosion.
Wands
 f - a wand of flame (118)
 g - a wand of charming (13)
 s - a wand of digging (32)
 t - a wand of iceblast (43)
 G - a wand of polymorph (11)
 H - a wand of paralysis (28)
 J - a wand of acid (18)
 R - a wand of mindburst (36)
Scrolls
 j - 4 scrolls of fog
 n - 3 scrolls of vulnerability
 u - 2 scrolls of enchant armour
 v - 13 scrolls of teleportation
 E - 2 scrolls of fear
 I - 5 scrolls of summoning
 Q - 4 scrolls of silence
 W - 4 scrolls of blinking
Potions
 d - 4 potions of cancellation
 e - 12 potions of ambrosia
 p - 4 potions of resistance
 q - 12 potions of might
 C - 14 potions of curing
 F - 3 potions of haste
 N - 5 potions of magic
 U - a potion of invisibility
Miscellaneous
 c - a phantom mirror
 l - a lightning rod (4/4)
 O - a condenser vane
 X - a tin of tremorstones (2/2)
 Z - a phial of floods


   Skills:
 + Level 21.4 Fighting
 - Level 15.0 Short Blades
 - Level 26.0 Crossbows
 - Level 12.0 Throwing
 - Level 12.0 Armour
 - Level 18.0 Dodging
 - Level 24.0 Stealth
 - Level 6.0 Shields
 - Level 12.0 Hexes
 - Level 15.0 Translocations
 - Level 12.0 Invocations
 + Level 18.7 Evocations


You had 16 spell levels left.
You knew the following spells:

 Your Spells              Type           Power      Damage    Failure   Level
k - Blink                 Tloc           N/A        N/A       1%          2
x - Portal Projectile     Hex/Tloc       100%       N/A       1%          3
z - Manifold Assault      Tloc           54%        N/A       1%          5

Your spell library contained the following spells:

 Spells                   Type           Power      Damage    Failure   Level
 Apportation              Tloc           100%       N/A       1%          1
 Corona                   Hex            50%        N/A       1%          1
 Slow                     Hex            45%        N/A       1%          2
 Confusing Touch          Hex            45%        N/A       1%          3
 Gell's Gravitas          Tloc           27%        N/A       1%          3
 Lesser Beckoning         Tloc           27%        N/A       1%          3
 Teleport Other           Tloc           54%        N/A       1%          3
 Tukima's Dance           Hex            45%        N/A       1%          3
 Cause Fear               Hex            22%        N/A       1%          4
 Passage of Golubria      Tloc           N/A        N/A       1%          4
 Ensorcelled Hibernation  Hex/Ice        44%        N/A       3%          2
 Dazzling Flash           Conj/Hex       44%        N/A       6%          3
 Inner Flame              Hex/Fire       22%        N/A       6%          3
 Dispersal                Tloc           27%        N/A       8%          6
 Fulminant Prism          Conj/Hex       11%        3d9       21%         4
 Leda's Liquefaction      Hex/Erth       11%        N/A       21%         4
 Animate Skeleton         Necr           0%         N/A       24%         1
 Foxfire                  Conj/Fire      0%         2x1d4     24%         1
 Magic Dart               Conj           0%         1d3       24%         1
 Pain                     Necr           0%         1d4       24%         1
 Sandblast                Erth           0%         2d4       24%         1
 Shock                    Conj/Air       0%         1d3       24%         1
 Sting                    Tmut/Pois      0%         1d3       24%         1
 Summon Small Mammal      Summ           0%         N/A       24%         1
 Summon Forest            Summ/Tloc      14%        N/A       30%         5
 Corpse Rot               Necr/Air       N/A        N/A       36%         2
 Passwall                 Tmut/Erth      0%         N/A       36%         2
 Poisonous Vapours        Pois/Air       0%         N/A       36%         2
 Searing Ray              Conj           0%         3d3       36%         2
 Static Discharge         Conj/Air       0%         N/A       36%         2
 Sublimation of Blood     Necr           0%         N/A       36%         2
 Wereblood                Tmut           0%         N/A       36%         2
 Silence                  Hex/Air        11%        N/A       50%         5
 Summon Mana Viper        Hex/Summ       22%        N/A       50%         5
 Yara's Violent Unravell  Hex/Tmut       11%        3d6       50%         5
 Call Canine Familiar     Summ           0%         N/A       58%         3
 Conjure Flame            Conj/Fire      0%         6-21      58%         3
 Frozen Ramparts          Ice            0%         1d2       58%         3
 Ignite Poison            Fire/Tmut/Pois 0%         N/A       58%         3
 Mephitic Cloud           Conj/Pois/Air  0%         N/A       58%         3
 Stone Arrow              Conj/Erth      0%         3d7       58%         3
 Vampiric Draining        Necr           0%         2d6       58%         3
 Animate Armour           Summ/Erth      0%         N/A       94%         4
 Animate Dead             Necr           0%         N/A       94%         4
 Dispel Undead            Necr           0%         3d6       94%         4
 Hailstorm                Conj/Ice       0%         3d3       94%         4
 Ice Form                 Ice/Tmut       0%         N/A       94%         4
 Olgreb's Toxic Radiance  Pois           0%         N/A       94%         4
 Petrify                  Tmut/Erth      0%         N/A       94%         4
 Sticky Flame             Conj/Fire      0%         2d3       94%         4
 Summon Ice Beast         Ice/Summ       0%         N/A       94%         4
 Summon Lightning Spire   Summ/Air       0%         N/A       94%         4
 Disjunction              Tloc           27%        N/A       98%         8
 Agony                    Necr           0%         N/A       100%        5
 Bolt of Magma            Conj/Fire/Erth 0%         4d4       100%        5
 Borgnjor's Vile Clutch   Necr/Erth      0%         N/A       100%        5
 Fireball                 Conj/Fire      0%         3d3       100%        5
 Freezing Cloud           Conj/Ice/Air   0%         6-21      100%        5
 Irradiate                Conj/Tmut      0%         3d13      100%        5
 Iskenderun's Battlesphe  Conj           0%         2d6       100%        5
 Lee's Rapid Deconstruct  Erth           0%         3d5*      100%        5
 Conjure Ball Lightning   Conj/Air       0%         3x3d6     100%        6
 Death Channel            Necr           0%         N/A       100%        6
 Iron Shot                Conj/Erth      0%         9d1       100%        6
 Shadow Creatures         Summ           N/A        N/A       100%        6
 Simulacrum               Ice/Necr       0%         N/A       100%        6
 Starburst                Conj/Fire      0%         6d3       100%        6
 Statue Form              Tmut/Erth      0%         N/A       100%        6
 Dragon Form              Tmut           0%         N/A       100%        7
 Haunt                    Necr/Summ      0%         N/A       100%        7
 Malign Gateway           Summ/Tloc      14%        N/A       100%        7
 Orb of Destruction       Conj           0%         N/A       100%        7
 Spellforged Servitor     Conj/Summ      0%         N/A       100%        7
 Storm Form               Tmut/Air       0%         N/A       100%        7
 Summon Hydra             Summ           0%         N/A       100%        7
 Borgnjor's Revivificati  Necr           0%         N/A       100%        8
 Ignition                 Fire           0%         3d3       100%        8
 Infestation              Necr           0%         N/A       100%        8
 Lehudib's Crystal Spear  Conj/Erth      0%         10d2      100%        8
 Necromutation            Tmut/Necr      0%         N/A       100%        8
 Death's Door             Necr           0%         N/A       100%        9
 Dragon's Call            Summ           0%         N/A       100%        9


Dungeon Overview and Level Annotations

Branches:
Dungeon (15/15)            Temple (1/1) D:5            Lair (6/6) D:11
 Shoals (4/4) Lair:2       Spider (4/4) Lair:3        Slime (5/5) Lair:6
    Orc (2/2) D:12            Elf (3/3) Orc:2        Vaults (5/5) D:13
  Crypt (0/3) Vaults:2     Depths (5/5) D:15            Zot (5/5) Depths:5
 Bailey (visited)           IceCv (visited)         Volcano (visited)
Gauntlet (visited)

Altars:
Ashenzari
Cheibriados
Dithmenos
Elyvilon
Fedhas
Gozag
Hepliaklqana
Kikubaaqudgha
Makhleb
Nemelex Xobeh
Okawaru
Qazlal
Ru
Sif Muna
Trog
Uskayaw
Vehumet
Wu Jian
Xom
Yredelemnul
Zin
The Shining One
Jiyva
Lugonu

Shops:
D:4 !   D:8 *   D:13 *   Orc:2 [=*!   Elf:2 !   Elf:3 (   Shoals:2 *
Shoals:3 (   Shoals:4 (([::   Vaults:5 [   Depths:1 =:=   Depths:2 (
Depths:5 *(

Portals:
Hell: Depths:1 Depths:2 Depths:3 Depths:4 Depths:5
Abyss: Zot:1 Depths:2 Depths:4
Pandemonium: Depths:3
Ziggurat: Depths:4

Annotations:
Elf:2 3 runed translucent doors
Elf:3 3 runed translucent doors, DemonSlayer's ghost, adept DsBe
Depths:3 2 runed translucent doors, Boris
Zot:5 3 runed translucent doors, COBRA's ghost, veteran HOFi


Innate Abilities, Weirdness & Mutations

Your life essence is reduced to manifest your ancestor. (-10% HP)
You are small and have problems with some larger weapons.
You are completely attuned to the shadows.
You tend to lose your temper in combat.
Armour fits poorly on your strangely shaped body.


Message History

The Orb Guardian barely misses you.
Fire: 1431 bolts
Press: ? - help, Q - select action, (/) - cycle Shift-Dir - straight line, f/p - orb of fire
Aim: an orb of fire (moderately damaged, 73% to hit)
You magically shoot a bolt.
The bolt hits the orb of fire.
The orb of fire is moderately damaged.
An Orb Guardian comes into view.
Fire: 1430 bolts
Press: ? - help, Q - select action, (/) - cycle Shift-Dir - straight line, f/p - orb of fire
Aim: an orb of fire (moderately damaged, 73% to hit)
You magically shoot a bolt.
The bolt hits the orb of fire but does no damage.
The orb of fire is moderately damaged.
An ancient lich comes into view.
An Orb Guardian comes into view.
Fire: 1429 bolts
Press: ? - help, Q - select action, (/) - cycle Shift-Dir - straight line, f/p - orb of fire
Aim: an orb of fire (moderately damaged, 73% to hit)
You magically shoot a bolt.
The bolt hits the orb of fire!!!
The bolt freezes the orb of fire.
The orb of fire is severely damaged.
Fire: 1428 bolts
Press: ? - help, Q - select action, (/) - cycle Shift-Dir - straight line, f/p - orb of fire
Aim: an orb of fire (severely damaged, 73% to hit)
You magically shoot a bolt.
The bolt hits the orb of fire!
The orb of fire is severely damaged.
The orb of fire glows bright magenta.
The bolt of fire hits you!!!
An orb of fire comes into view.
Fire: 1427 bolts
Press: ? - help, Q - select action, (/) - cycle Shift-Dir - straight line, f/p - orb of fire
Aim: an orb of fire (severely damaged, 73% to hit)
You magically shoot a bolt.
The bolt hits the orb of fire!
The bolt freezes the orb of fire.
The orb of fire is severely damaged.
An orb of fire comes into view.
The orb of fire glows deep purple.
The bolt of fire hits you!!!!
Ouch! That really hurt!
You die...

##...........## *,,,,,,,,,,,,,
#...........# *^,,,,,,,,,,,,
*#...........#* *,,,,,,,,,,,,,
#.............# **,,,,,,,,,,,,
*#.............#* **,,,,^,,,,,,
*.......).......* **,,,,,,^,^,
▓########X########▓▓▓▓##***####*#
#...#...)......##...##.# #..# #
....#...#...**.##..<##.# #..# #
#...)........XD#...##..#####..###
######^.....XL**@........##...##⌠
.# ##........d#########.##..###.
.####..#..##.⌠.#..z..○○#.##..# #.
..##..##.###...#.=°#...#.##..###.
#.....##.# #...#.°#D#..+.##..##..
#....##..# #...#z?.,..y+..#R.##..
##.......# #...#.=#.#..+.....#..#
##......###...#.y.#...#.#...#.##
#............#,zyd.y.#.#.....#
##...###.....#########......##
###.#### ####.................#


You could see 4 orbs of fire, an ancient lich, a purple draconian, a quicksilver
dragon and 2 Orb Guardians.

Vanquished Creatures
  the Royal Jelly (Slime:5)
  Dissolution (Slime:4)
  3 dread liches
  Mara (Spider:4)
  An orb of fire (Zot:3)
  Frederick (Vaults:5)
  Saint Roka (Depths:2)
  A caustic shrike (Depths:4)
  3 curse toes
  4 golden dragons
  Nikola (Shoals:2)
  2 bone dragons
  Arachne (Spider:4)
  An electric golem (Zot:4)
  8 tentacled monstrosities
  2 hellephants (Depths:1)
  Jorgrun (Elf:1)
  5 Orb Guardians (Zot:5)
  5 quicksilver dragons
  4 liches
  3 titans (Vaults:5)
  2 deep elf master archers (Elf:3)
  15 acid blobs
  2 deep elf blademasters (Elf:3)
  Polyphemus (Shoals:4)
  6 sphinxes
  7 death cobs
  11 shadow dragons
  17 storm dragons
  7 rockslimes
  4 draconian monks
  7 fire giants
  8 tengu reavers
  4 ghost moths
  A frost giant (shapeshifter) (Depths:4)
  2 deep elf sorcerers (Elf:1)
  10 azure jellies
  5 draconian knights
  Aizul (Spider:2)
  An iron dragon (Depths:2)
  2 orc warlords (Vaults:4)
  7 frost giants
  A balrug (Depths:3)
  A deep elf elementalist (Elf:3)
  5 emperor scorpions
  2 draconian scorchers
  3 draconian shifters
  20 vault wardens
  Louise (Shoals:4)
  2 spectral caustic shrikes (Depths:4)
  20 ironbound preservers
  3 draconian annihilators
  6 draconian stormcallers
  A spriggan defender (Depths:4)
  7 quicksilver oozes
  4 war gargoyles (Vaults:5)
  13 stone giants
  15 very ugly things
  9 green draconians
  9 deep elf demonologists
  2 vampire knights
  5 black draconians
  4 dire elephants
  8 yellow draconians
  The ghost of dnasty the Grappler, a journeyman TrBe of Trog (Lair:1)
  7 entropy weavers
  7 purple draconians
  Azrael (D:12)
  4 spark wasps
  A minotaur (Gauntlet)
  4 deep elf annihilators
  6 red draconians
  7 white draconians
  6 deep elf death magi
  5 merfolk javelineers
  14 merfolk impalers
  9 fire dragons
  Josephine (D:15)
  9 ettins
  14 yaktaur captains
  5 deep elf high priests
  29 vault guards
  8 ice dragons
  9 great orbs of eyes
  9 boulder beetles
  A catoblepas (Shoals:4)
  15 hydras
  7 ironbound thunderhulks
  2 peacekeepers
  6 ogre magi
  Erolcha (D:11)
  7 rakshasas
  13 centaur warriors
  6 spriggan air magi
  14 two-headed ogres
  9 ironbound frosthearts
  4 merfolk aquamancers (Shoals:4)
  3 alligator snapping turtles
  A death knight (D:12)
  6 merfolk avatars
  14 dancing weapons
  An alligator (Shoals:3)
  8 death scarabs (Spider:4)
  14 tengu warriors
  8 deep troll shamans
  7 hell hogs (Depths:1)
  9 death yaks
  4 vampire magi
  4 ironbound beastmasters
  10 deep troll earth magi
  6 spriggan berserkers
  An orc high priest (Orc:1)
  7 deep elf knights
  A soul eater (Depths:3)
  Sonja (D:13)
  A sixfirhy (Depths:3)
  13 hell knights
  A spectral emperor scorpion (Spider:4)
  A fire crab (Lair:6)
  7 iron trolls
  A goliath frog (Shoals:3)
  9 sea snakes
  50 deep trolls
  An infernal demonspawn (Depths:3)
  2 glowing orange brains (shapeshifter)
  15 deep elf archers
  15 ironbound convokers
  An orange crystal statue (D:11)
  4 necromancers
  A spectral wolf spider (Spider:4)
  2 glowing orange brains
  2 flayed ghosts
  27 deep elf zephyrmancers
  28 harpies
  10 wizards
  3 phantasmal warriors
  22 deep elf pyromancers
  2 orc knights
  2 orc sorcerers
  4 lindwurms
  14 orb spiders
  54 ugly things
  A shining eye (shapeshifter) (Vaults:5)
  A salamander (shapeshifter) (Vaults:5)
  5 shining eyes
  4 oklob plants (Lair:1)
  22 manticores
  2 fauns (Shoals:2)
  28 moths of wrath
  15 wolf spiders
  3 elephants (Lair:6)
  9 cyclopes
  5 black mambas
  2 torpor snails (Lair:6)
  11 vault sentinels
  7 water nymphs
  3 eyes of devastation
  7 merfolk sirens
  Joseph (D:7)
  6 cane toads
  A smoke demon (Volcano)
  An eye of devastation (shapeshifter) (Depths:4)
  2 gargoyles
  An orange demon (Depths:3)
  4 spectral redbacks
  20 rime drakes
  An efreet (D:13)
  3 redback zombies (Spider:4)
  32 yaktaurs
  13 demonic crawlers
  3 freezing wraiths
  8 komodo dragons
  A rime drake (shapeshifter) (D:14)
  4 tengu conjurers
  A kobold demonologist (D:9)
  23 merfolk
  23 polar bears
  2 red devils (Volcano)
  A jumping spider (shapeshifter) (D:15)
  23 jumping spiders
  7 wind drakes
  3 meliai (Spider:4)
  A queen bee (Spider:4)
  13 trolls
  8 hornets
  2 spectral tarantellas (Spider:4)
  5 blink frogs (Lair:4)
  A human simulacrum (Vaults:2)
  Prince Ribbit (D:7)
  3 raiju
  2 slime creatures (shapeshifter) (Vaults:5)
  91 slime creatures
  A spectral jumping spider (Spider:4)
  21 snapping turtles
  2 jumping spider zombies (Spider:4)
  3 dream sheep (Shoals:4)
  A tarantella zombie (Spider:4)
  40 redbacks
  Sigmund (D:6)
  5 small abominations (D:11)
  32 tarantellas
  8 spriggans
  3 air elementals
  3 shadows
  7 wraiths
  10 water elementals
  3 vampires
  A redback (shapeshifter) (Vaults:4)
  A tarantella (shapeshifter) (Vaults:5)
  50 yaks
  6 basilisks
  3 wyverns
  2 fire elementals
  A golden eye (shapeshifter) (D:11)
  12 golden eyes
  5 steam dragons
  5 large abominations (D:11)
  5 vampire mosquitoes
  6 wargs
  An acid dragon (D:11)
  13 water moccasins
  Duvessa (D:7)
  25 hell hounds
  A hornet zombie (D:9)
  2 floating eyes
  A spectral hornet (Spider:4)
  22 orc warriors
  11 black bears
  2 sky beasts (D:7)
  A black bear (shapeshifter) (Vaults:5)
  2 boggarts (Elf:1)
  A necrophage (D:6)
  50 wolves
  22 ogres
  29 centaurs
  3 hexers
  A kobold brigand (D:6)
  A gnoll sergeant (D:9)
  2 scorpions
  14 bullfrogs
  Dowan (D:7)
  An earth elemental (Elf:1)
  A scorpion (shapeshifter) (Vaults:5)
  A wight (D:7)
  34 killer bees
  3 electric eels
  4 howler monkeys
  A bullfrog zombie (D:7)
  5 centaur zombies
  A gnoll shaman (D:9)
  3 jellies
  5 orc priests
  2 centaur skeletons
  2 iguanas
  19 orc wizards
  A hell rat (Depths:3)
  2 killer bee zombies
  A howler monkey zombie (D:9)
  5 gnolls (D:9)
  A howler monkey skeleton (D:5)
  6 adders
  A shadow imp (D:5)
  2 white imps
  A worm (D:2)
  A dart slug (D:4)
  55 orcs
  11 ball pythons
  6 bats
  6 endoplasms
  3 giant cockroaches
  6 hobgoblins
  2 jackals (D:1)
  9 kobolds
  3 quokkas
  A frilled lizard (D:2)
  9 goblins
  6 rats
2048 creatures vanquished.

Vanquished Creatures (collateral kills)
  An ancient lich (Vaults:5)
  Margery (Vaults:5)
  A tentacled monstrosity (Zot:3)
  A titan (Vaults:5)
  An Orb Guardian (Zot:5)
  A sphinx (Vaults:3)
  4 acid blobs
  A storm dragon (Vaults:5)
  6 azure jellies
  4 rockslimes
  A fire giant (Depths:3)
  3 frost giants
  2 deep elf sorcerers (Elf:3)
  A draconian scorcher (Zot:4)
  A deep elf elementalist (Elf:3)
  2 spectral caustic shrikes (Depths:4)
  A draconian annihilator (Zot:5)
  4 ironbound preservers
  2 stone giants
  4 quicksilver oozes
  A very ugly thing (Depths:2)
  2 white draconians (Zot:5)
  A red draconian (Zot:1)
  2 purple draconians
  A deep elf demonologist (Elf:3)
  A yellow draconian (Zot:3)
  A deep elf annihilator (Vaults:5)
  2 spark wasps
  A fire dragon (Depths:1)
  A crystal guardian (Vaults:2)
  A merfolk impaler (Shoals:4)
  A yaktaur captain (Vaults:5)
  7 vault guards
  3 great orbs of eyes
  2 spriggan air magi (Depths:2)
  An ice dragon (Depths:1)
  4 hydras
  An alligator snapping turtle (Shoals:3)
  An ironbound frostheart (Vaults:2)
  6 dancing weapons
  3 two-headed ogres
  A death yak (Lair:5)
  A deep troll earth mage (Vaults:5)
  A hell hog (Depths:1)
  2 deep elf knights (Elf:1)
  A hell knight (Vaults:5)
  6 deep trolls
  A deep elf archer (Elf:3)
  3 necromancers
  4 deep elf pyromancers
  A phantasmal warrior (Vaults:5)
  A wizard (D:11)
  8 harpies
  A wolf spider zombie (Spider:4)
  4 ironbound convokers
  6 deep elf zephyrmancers
  An orc sorcerer (Orc:2)
  2 orb spiders
  A human zombie (Vaults:2)
  An orc knight (Vaults:5)
  6 ugly things
  A faun (Shoals:2)
  A hexer (Slime:5)
  7 manticores
  2 shining eyes
  3 wolf spiders
  3 moths of wrath
  A cyclops (D:14)
  An elephant (Lair:6)
  A merfolk siren (Shoals:4)
  2 vault sentinels
  A torpor snail (Spider:3)
  A spectral redback (Spider:4)
  An unseen horror (D:13)
  3 demonic crawlers
  A freezing wraith (Shoals:1)
  2 komodo dragons
  3 yaktaurs
  4 rime drakes
  3 jumping spiders (Spider:3)
  3 merfolk
  3 trolls
  A red devil (Volcano)
  A meliai (shapeshifter) (Elf:1)
  3 polar bears (IceCv)
  3 hornets
  A polar bear (shapeshifter) (Vaults:5)
  2 spectral tarantellas (Spider:4)
  A jumping spider zombie (Spider:4)
  2 spectral jumping spiders (Spider:4)
  21 slime creatures
  3 dream sheep (Shoals:4)
  3 snapping turtles
  5 spriggans
  2 air elementals (Elf:1)
  3 water elementals
  A shadow (D:10)
  13 redbacks
  3 tarantellas
  An elf zombie (Vaults:2)
  16 yaks
  A wyvern (Lair:4)
  A basilisk (Lair:2)
  2 golden eyes (Slime:4)
  A vampire mosquito (D:10)
  A fire elemental (Elf:2)
  2 small abominations (D:11)
  4 wargs
  A hell hound (Depths:3)
  3 water moccasins
  6 orc warriors
  3 black bears (Lair:6)
  A sky beast (D:5)
  8 ogres
  2 centaurs
  9 wolves
  A gnoll sergeant (D:9)
  A bullfrog (Lair:1)
  An earth elemental (Elf:3)
  5 killer bees
  4 howler monkeys
  An orc priest (D:12)
  An iguana (D:5)
  A centaur skeleton (D:6)
  7 orc wizards
  4 gnolls (D:9)
  27 orcs
  2 bats (Lair:3)
  2 goblins (D:8)
  A lurking horror (Zot:1)
372 creatures vanquished.

Vanquished Creatures (others)
  A rockslime (Slime:5)
  A draconian scorcher (Zot:5)
  2 draconian annihilators
  2 yellow draconians
  A red draconian (Zot:3)
  A spark wasp (Depths:5)
  An ettin (Depths:2)
  2 hell knights (Vaults:5)
  An ironbound frostheart (IceCv)
  A deep troll (Vaults:5)
  A deep elf pyromancer (Elf:1)
  4 rime drakes (IceCv)
  A wolf (Lair:6)
  80 hexers
  20 ancestors
  A goblin (D:8)
  3 bushes
  48 fungi
  121 plants
292 creatures vanquished.

Grand Total: 2712 creatures vanquished

Notes
Turn   | Place    | Note
-------+----------+-------------------------------------------
     0 | D:1      | grimtooth the Kobold Hunter began the quest for the Orb.
     0 | D:1      | Reached XP level 1. HP: 12/12 MP: 1/1
   320 | D:1      | Reached skill level 5 in Crossbows
   452 | D:1      | Found a faded altar of an unknown god.
   530 | D:1      | Reached XP level 2. HP: 7/17 MP: 2/2
  1134 | D:1      | Reached XP level 3. HP: 21/21 MP: 3/3
  1531 | D:2      | Found a glowing golden altar of the Shining One.
  2096 | D:2      | Reached skill level 6 in Crossbows
  2096 | D:2      | Reached XP level 4. HP: 22/26 MP: 4/4
  3869 | D:4      | Noticed an ogre
  4167 | D:4      | Reached XP level 5. HP: 30/30 MP: 5/5
  4194 | D:4      | Noticed a bullfrog
  4425 | D:4      | Killed a bullfrog
  4426 | D:4      | Reached skill level 7 in Crossbows
  4813 | D:4      | Found Saonapn's Distillery.
  4816 | D:4      | Bought a potion of curing for 30 gold pieces
  4948 | D:4      | Reached XP level 6. HP: 13/35 MP: 6/6
  5458 | D:5      | Entered Level 5 of the Dungeon
  5526 | D:5      | Noticed a water moccasin
  5616 | D:5      | Noticed a sky beast
  6007 | D:5      | Reached skill level 5 in Stealth
  6058 | D:5      | Found a staircase to the Ecumenical Temple.
  6065 | Temple   | Entered the Ecumenical Temple
  6187 | Temple   | Became a worshipper of Hepliaklqana the Forgotten
  6226 | D:5      | Noticed a black bear
  6296 | D:5      | Reached skill level 8 in Crossbows
  6363 | D:5      | Noticed an ogre
  6957 | D:5      | Reached XP level 7. HP: 37/40 MP: 7/7
  7822 | D:5      | Reached skill level 9 in Crossbows
  8426 | D:6      | Reached XP level 8. HP: 37/44 MP: 8/8
  8540 | D:6      | Noticed Sigmund
  8657 | D:6      | Reached * piety under Hepliaklqana
  9149 | D:7      | Found a large runed translucent door.
  9150 | D:7      | Found a large runed translucent door.
  9168 | D:7      | Reached skill level 5 in Short Blades
  9206 | D:7      | Learned a level 2 spell: Blink
  9236 | D:7      | Found a large runed translucent door.
  9239 | D:7      | Found a large runed translucent door.
  9313 | D:7      | Noticed Joseph
  9462 | D:7      | Noticed a manticore
  9485 | D:7      | Noticed a slime creature
  9492 | D:7      | Noticed a troll
  9739 | D:7      | Reached XP level 9. HP: 43/43 MP: 9/9
 10023 | D:7      | Noticed Duvessa
 10201 | D:4      | Found a hide-covered altar of Uskayaw.
 10290 | D:4      | Bought 2 potions of might for 80 gold pieces
 10685 | D:6      | Noticed a four-headed hydra
 10696 | D:6      | - little early for a hydra
 10753 | D:7      | Killed Duvessa
 10853 | D:7      | Noticed Prince Ribbit
 11120 | D:7      | Noticed Dowan
 11130 | D:7      | Killed Dowan
 11542 | D:8      | Reached skill level 10 in Stealth
 11630 | D:8      | Found Teta's Assorted Antiques.
 11733 | D:8      | Noticed a deep elf pyromancer
 11739 | D:8      | Found a flagged portal.
 11755 | D:8      | Killed a deep elf pyromancer
 11756 | D:8      | Reached skill level 5 in Fighting
 11772 | D:8      | Reached XP level 10. HP: 24/54 MP: 10/10
 11886 | Bailey   | Entered a bailey
 11887 | Bailey   | - damn this is a tough one
 12803 | Bailey   | Reached skill level 1 in Armour
 14066 | Bailey   | Reached skill level 5 in Dodging
 16017 | D:9      | Reached XP level 11. HP: 57/57 MP: 11/11
 16025 | D:9      | Reached skill level 1 in Translocations
 18379 | D:7      | Noticed a boulder beetle
 18563 | D:7      | Killed a manticore
 18609 | D:7      | Killed a boulder beetle
 18610 | D:7      | Reached skill level 5 in Translocations
 18629 | D:7      | Identified the +0 scale mail of the Fife {Harm Fly rC+
                  | Int+7}
 18782 | D:7      | Killed Prince Ribbit
 19030 | D:10     | Entered Level 10 of the Dungeon
 19061 | D:10     | Reached ** piety under Hepliaklqana
 19062 | D:10     | Remembered your ancestor Edwyna as a hexer
 19525 | D:10     | Noticed a two-headed ogre
 19551 | D:10     | Killed a two-headed ogre
 20126 | D:10     | Reached XP level 12. HP: 63/63 MP: 12/12
 20278 | D:10     | Reached *** piety under Hepliaklqana
 20434 | D:10     | Reached skill level 10 in Short Blades
 21054 | D:11     | Noticed a two-headed ogre
 21058 | D:11     | Killed a two-headed ogre
 21229 | D:11     | Found a staircase to the Lair.
 21669 | D:11     | Noticed Erolcha
 21681 | D:11     | Killed Erolcha
 22211 | D:11     | Noticed a large abomination
 22287 | Lair:1   | Entered Level 1 of the Lair of Beasts
 22405 | Lair:1   | Found a transporter.
 22429 | Lair:1   | Noticed a four-headed hydra
 22433 | Lair:1   | Killed a four-headed hydra
 22434 | Lair:1   | Reached skill level 15 in Stealth
 22696 | Lair:1   | Noticed a six-headed hydra
 22989 | Lair:1   | Reached skill level 1 in Invocations
 22989 | Lair:1   | Reached skill level 1 in Evocations
 23364 | Lair:1   | Found a transporter.
 23367 | Lair:1   | Noticed dnasty's ghost (journeyman TrBe)
 23390 | Lair:1   | Reached **** piety under Hepliaklqana
 23405 | Lair:1   | Reached XP level 13. HP: 72/72 MP: 14/14
 23621 | Lair:2   | Noticed a four-headed hydra
 23654 | Lair:1   | Noticed a seven-headed hydra
 23655 | Lair:1   | - oh now where did you come from
 23658 | Lair:1   | - and two 3% miscasts in a row
 24135 | Lair:2   | Reached skill level 5 in Evocations
 24664 | Lair:2   | Reached skill level 5 in Invocations
 24980 | Lair:2   | Noticed a seven-headed hydra
 25197 | Lair:2   | Found a staircase to the Shoals.
 25446 | Lair:2   | Killed a four-headed hydra
 25990 | Lair:3   | - they just keep coming
 26037 | Lair:3   | Found a hole to the Spider Nest.
 26566 | Lair:3   | Reached skill level 10 in Fighting
 26831 | Lair:3   | Got the Almanac of Creation
 27329 | Lair:4   | Noticed an eight-headed hydra
 27383 | Lair:4   | Noticed an eight-headed hydra
 27518 | Lair:4   | Reached XP level 14. HP: 79/79 MP: 18/18
 28010 | Lair:1   | Reached skill level 1 in Throwing
 28166 | Lair:1   | Reached ***** piety under Hepliaklqana
 29516 | Lair:5   | Noticed Nessos
 29523 | Lair:5   | Noticed Nessos
 29523 | Lair:5   | Nessos changed into Nessos the lindwurm
 29530 | Lair:5   | Killed Nessos the lindwurm
 29668 | Lair:6   | Entered Level 6 of the Lair of Beasts
 29750 | Lair:5   | Reached skill level 10 in Crossbows
 29963 | Lair:6   | Found a viscous altar of Jiyva.
 29964 | Lair:6   | Found a staircase to the Slime Pits.
 30007 | Lair:6   | Reached skill level 5 in Throwing
 30195 | Lair:6   | Reached skill level 10 in Dodging
 30676 | Lair:6   | - forgot the ring... always something
 30834 | Lair:5   | Reached XP level 15. HP: 51/86 MP: 19/19
 30968 | Lair:6   | HP: 3/86 [rime drake/flash freeze (32)]
 31477 | D:8      | Bought a scroll labelled JEOTILUOSKADUL for 23 gold pieces
 31477 | D:8      | Bought a scroll of identify for 46 gold pieces
 31952 | D:6      | Killed Sigmund
 32115 | D:7      | Killed Joseph
 32457 | Lair:6   | Reached skill level 5 in Armour
 34155 | D:12     | Reached skill level 10 in Evocations
 34971 | D:12     | Found a staircase to the Orcish Mines.
 35182 | Orc:1    | Entered Level 1 of the Orcish Mines
 35310 | Orc:1    | Found a dark tunnel.
 35316 | Volcano  | Entered a volcano
 35884 | Orc:2    | Entered Level 2 of the Orcish Mines
 36143 | Orc:2    | Found a staircase to the Elven Halls.
 36229 | Orc:2    | Found Ydeedus's Armour Shoppe.
 36306 | Orc:2    | HP: 3/86 [something/bolt of magma (39)]
 36314 | Orc:2    | Reached XP level 16. HP: 18/90 MP: 13/22
 36395 | Orc:2    | Found Paor's Jewellery Shop.
 36764 | Orc:2    | Found Ymeahota's Distillery.
 37041 | Orc:2    | Found Funteur's General Store.
 37419 | Orc:2    | Bought the ring "Popuorav" {AC+4 Dex+2 Stlth+} for 750 gold
                  | pieces
 37427 | Orc:2    | Bought a potion of curing for 42 gold pieces
 37427 | Orc:2    | Bought a potion of invisibility for 112 gold pieces
 37432 | Orc:2    | Bought 3 scrolls of identify for 90 gold pieces
 37834 | D:13     | Noticed Sonja
 37838 | D:13     | Killed Sonja
 38017 | D:13     | Found a gate to the Vaults.
 38159 | D:13     | Found Yqexzaso's General Store.
 39096 | D:15     | Entered Level 15 of the Dungeon
 39206 | D:15     | Reached ****** piety under Hepliaklqana
 39330 | D:15     | Found a gate leading to a gauntlet.
 39338 | Gauntlet | Entered a Gauntlet
 39338 | Gauntlet | Found a transporter.
 39349 | Gauntlet | Found a transporter.
 39358 | Gauntlet | Found a runed translucent door.
 39369 | Gauntlet | Found a transporter.
 39387 | Gauntlet | Found a transporter.
 39404 | Gauntlet | Found a transporter.
 39412 | Gauntlet | Found a transporter.
 39419 | Gauntlet | Found a transporter.
 39432 | Gauntlet | Found a transporter.
 39436 | Gauntlet | Found a runed translucent door.
 39443 | Gauntlet | Found a transporter.
 39456 | Gauntlet | Found a transporter.
 39488 | Gauntlet | Found a transporter.
 39498 | Gauntlet | Found a transporter.
 39518 | Gauntlet | Found a transporter.
 39531 | Gauntlet | Found a transporter.
 39718 | Gauntlet | Identified the ring "Las Sonn" {*Slow +Blink rPois rF+++
                  | rN+}
 39747 | Gauntlet | Identified the +8 crystal plate armour of the Lotus Blossom
                  | {Str+3 Int+3 Dex-2}
 39767 | Gauntlet | Got Bixkuew's Disquisition on Calling
 39776 | Gauntlet | Identified the -4 tower shield of the Shining Light {+Blink
                  | +Inv Dex-2}
 39786 | Gauntlet | Identified a scroll of acquirement
 39935 | D:15     | Found a sacrificial altar of Ru.
 40030 | D:15     | Noticed Josephine
 40159 | D:15     | Found a staircase to the Depths.
 40553 | D:13     | Acquired the ring of the Mage {Wiz Will++ Int+3}
 40553 | D:13     | Found the ring of the Mage {Wiz Will++ Int+3}
 40684 | Spider:1 | Entered Level 1 of the Spider Nest
 40859 | Spider:1 | Reached XP level 17. HP: 51/100 MP: 23/23
 41113 | Spider:1 | Reached skill level 15 in Fighting
 41826 | Spider:2 | Reached skill level 15 in Short Blades
 42487 | Spider:2 | Noticed Aizul
 42515 | Spider:2 | Killed Aizul
 43878 | Spider:4 | Entered Level 4 of the Spider Nest
 44548 | Spider:4 | Noticed Arachne
 45038 | D:11     | Acquired a manual of Crossbows
 45040 | D:11     | Acquired a manual of Evocations
 45156 | Shoals:1 | Entered Level 1 of the Shoals
 45194 | Shoals:1 | Found a frozen archway.
 45216 | IceCv    | Entered an ice cave
 45221 | IceCv    | Reached skill level 1 in Shields
 45281 | IceCv    | Reached XP level 18. HP: 107/107 MP: 24/24
 46066 | IceCv    | Identified the ring "Poofoij" {Ice Drain Str+4 Int+4}
 46360 | Shoals:1 | Reached skill level 5 in Shields
 46368 | Shoals:1 | - man this is a heck a crew here
 47160 | Shoals:2 | Identified the +1 hand axe of Defiance {vorpal, rC- Int+5}
 47173 | Shoals:2 | Found Pempag's Assorted Antiques.
 47573 | Shoals:2 | Noticed Nikola
 47574 | Shoals:2 | - of course YOU wake up
 47595 | Shoals:2 | Killed Nikola
 47944 | Shoals:2 | Reached XP level 19. HP: 98/111 MP: 25/25
 48363 | Shoals:3 | Found Inokhlow's Weapon Emporium.
 48971 | Shoals:4 | Entered Level 4 of the Shoals
 49022 | Shoals:4 | Found Rofoxuy's Book Emporium.
 49037 | Shoals:4 | Found Wuvite's Armour Shop.
 49038 | Shoals:4 | Found Xenidwu Jeli's Weapon Boutique.
 49205 | Shoals:4 | Noticed Louise
 49209 | Shoals:4 | Killed Louise
 49358 | Shoals:4 | Found Nogicoru's Book Boutique.
 49542 | Shoals:4 | Got a barnacled rune of Zot
 49763 | Shoals:4 | Noticed Polyphemus
 49800 | Shoals:4 | Found Voada's Antique Weapon Shoppe.
 49891 | Shoals:4 | Found the +8 arc blade {discharge, rElec}
 50318 | Shoals:4 | Reached skill level 15 in Evocations
 50522 | Shoals:4 | Killed Polyphemus
 51044 | Spider:4 | Killed Arachne
 51045 | Spider:4 | Reached XP level 20. HP: 120/120 MP: 26/26
 51156 | Spider:4 | Noticed Mara
 51163 | Spider:4 | Noticed grimtooth's illusion
 51181 | Spider:4 | Killed Mara
 51986 | Spider:4 | Got a gossamer rune of Zot
 52674 | D:15     | Killed Josephine
 52737 | Vaults:1 | Entered Level 1 of the Vaults
 54053 | Vaults:1 | Reached XP level 21. HP: 120/126 MP: 27/27
 54738 | Vaults:2 | Reached skill level 15 in Dodging
 54742 | Vaults:2 | Learned a level 3 spell: Portal Projectile
 54748 | Vaults:2 | Learned a level 5 spell: Manifold Assault
 54764 | Vaults:2 | Reached skill level 1 in Hexes
 55037 | Vaults:2 | Reached skill level 11 in Crossbows
 55092 | Vaults:2 | Noticed a bone dragon
 55096 | Vaults:2 | Killed a bone dragon
 55098 | Vaults:2 | Found a staircase to the Crypt.
 55234 | Vaults:2 | Identified the +10 long sword of the Beast {drain, Stlth+}
 55357 | Vaults:2 | Reached skill level 5 in Hexes
 55672 | Vaults:2 | Reached skill level 12 in Crossbows
 56282 | Vaults:3 | Reached XP level 22. HP: 132/132 MP: 28/28
 56477 | Vaults:3 | You fall into a shaft and drop 1 floor!
 56550 | Vaults:3 | Reached skill level 13 in Crossbows
 56992 | Vaults:3 | Reached skill level 10 in Translocations
 58030 | Vaults:4 | Reached skill level 14 in Crossbows
 58242 | Vaults:4 | Noticed a dread lich
 58245 | Vaults:4 | Killed a dread lich
 58350 | Vaults:4 | Reached skill level 15 in Crossbows
 58521 | Vaults:4 | Reached skill level 16 in Crossbows
 58521 | Vaults:4 | Reached XP level 23. HP: 136/136 MP: 29/29
 58866 | Vaults:4 | Reached skill level 17 in Crossbows
 59417 | D:4      | Bought a potion of curing for 30 gold pieces
 59417 | D:4      | Bought a potion of cancellation for 80 gold pieces
 59417 | D:4      | Bought a potion of resistance for 100 gold pieces
 59557 | D:8      | Bought a potion of heal wounds for 115 gold pieces
 59820 | Shoals:2 | Bought a wand of iceblast (7) for 116 gold pieces
 60058 | Elf:1    | Entered Level 1 of the Elven Halls
 60087 | Elf:1    | Found a radiant altar of Vehumet.
 60420 | Elf:1    | You fall into a shaft and drop 1 floor!
 60570 | Elf:2    | Found a runed translucent gate.
 60570 | Elf:2    | Found a runed translucent gate.
 60570 | Elf:2    | Found a runed translucent gate.
 61317 | Elf:2    | Noticed Jorgrun
 61480 | Elf:2    | Paralysed by an air elemental for 1 turns
 61489 | Elf:1    | Killed Jorgrun
 61853 | Elf:2    | Found Orhiv's Distillery.
 62071 | Elf:3    | Entered Level 3 of the Elven Halls
 62257 | Elf:3    | Found Totralaf's Antique Weapon Shoppe.
 62666 | Elf:3    | Found a runed translucent gate.
 62666 | Elf:3    | Found a runed translucent gate.
 62666 | Elf:3    | Found a runed translucent gate.
 62668 | Elf:3    | Noticed DemonSlayer's ghost (adept DsBe)
 62942 | Elf:3    | Reached skill level 18 in Crossbows
 63051 | Elf:3    | Identified the amulet "Uxiovoeg" {RegenMP rElec Dex+5}
 63094 | Elf:3    | Reached XP level 24. HP: 124/141 MP: 29/29
 63095 | Elf:3    | Identified the +9 spear "Bijois" {holy, rN+}
 63157 | Elf:3    | Identified the ring of Qeklie {Wiz rPois}
 63683 | Elf:3    | Identified the +2 hand crossbow of Wuroy {flame, Will+
                  | Str+8 Int+3 Dex-5}
 63695 | Elf:3    | Identified the +8 hunting sling "Boukko" {venom, rF+}
 63719 | Elf:3    | Identified the +3 flail "Keofeic" {pain, rElec Will- rCorr}
 63886 | Elf:3    | Identified the +1 leather armour of Ytwupi {-Cast *Slow
                  | Str+3 Stlth+}
 63901 | Elf:3    | Identified the ring "Muibiqop" {rPois rC+}
 64123 | Elf:2    | Bought a potion of might for 52 gold pieces
 64123 | Elf:2    | Bought a potion of resistance for 130 gold pieces
 64200 | Orc:2    | Bought a potion of might for 56 gold pieces
 64200 | Orc:2    | Bought a potion of haste for 140 gold pieces
 64200 | Orc:2    | Bought 2 potions of haste for 280 gold pieces
 64318 | D:13     | Upgraded the game from 0.27.1-35-g4d5d836560 to
                  | 0.27.1-36-g1b1ada6b1e
 64529 | Slime:1  | Entered Level 1 of the Pits of Slime
 65203 | Slime:4  | Noticed Dissolution
 65205 | Slime:4  | Killed Dissolution
 65206 | Slime:4  | Reached skill level 19 in Crossbows
 65773 | Slime:5  | Entered Level 5 of the Pits of Slime
 66060 | Slime:5  | Reached XP level 25. HP: 135/147 MP: 29/29
 66078 | Slime:5  | Found the +5 sword of Power {vorpal}
 66079 | Slime:5  | Found a viscous altar of Jiyva.
 66103 | Slime:5  | Noticed the Royal Jelly
 66703 | Slime:5  | Killed the Royal Jelly
 66780 | Slime:5  | Identified the +4 leather armour of Optufir {rPois rF- MP+9
                  | Str+7 Dex+4}
 66882 | Slime:5  | Got the Guide on Clay
 66928 | Slime:5  | Identified the +7 hunting sling "Uzapn" {speed, rN+ Dex+4}
 66985 | Slime:5  | Got a slimy rune of Zot
 68906 | D:11     | Reached skill level 20 in Crossbows
 69007 | D:11     | Identified the ring of the Present {rPois AC+4 Str+2 Int+5}
 69094 | D:12     | Noticed Azrael
 69103 | D:12     | Killed Azrael
 69389 | Lair:1   | Killed dnasty's ghost
 69393 | Lair:1   | Identified the amulet "Ybraubla" {Reflect rPois rF+ Str+4
                  | Dex-3 SH+5}
 69395 | Lair:1   | - not bad
 69643 | Vaults:5 | Entered Level 5 of the Vaults
 69728 | Vaults:5 | Identified the amulet "Qiucloar" {Regen+ Str+6}
 69764 | Vaults:5 | HP: 6/151 [titan/the air (33)]
 70140 | Vaults:5 | Reached skill level 10 in Armour
 70194 | Vaults:5 | Noticed a dread lich
 70226 | Vaults:5 | Reached skill level 10 in Invocations
 70231 | Vaults:5 | Killed a dread lich
 70679 | Vaults:5 | Reached XP level 26. HP: 102/156 MP: 30/30
 70768 | Vaults:5 | Noticed Margery
 70797 | Vaults:5 | Killed Margery
 70857 | Vaults:5 | Noticed an ancient lich
 70882 | Vaults:5 | Killed an ancient lich
 71213 | Vaults:5 | Identified the +9 war axe of Debt {spect, Dex+2}
 71359 | Vaults:5 | Reached skill level 15 in Translocations
 71533 | Vaults:5 | Identified the +1 leather armour of Subjectivity {Str+3}
 71552 | Vaults:5 | Found Kafisoul's Antique Armour Emporium.
 71588 | Vaults:5 | Identified the +0 plate armour of Pragmatism {*Corrode rF+
                  | Will+++ Dex+6}
 71699 | Vaults:5 | Identified the ring "Lotwolor" {Ice Str+2 Dex+4}
 72147 | Vaults:5 | Identified the amulet of Eppaohirch {Fragile Will- Regen+
                  | Str+8 Int+2}
 73267 | Vaults:5 | Noticed Frederick
 73292 | Vaults:5 | Killed Frederick
 73380 | Vaults:5 | Identified the ring "Tooxusam" {rC+ rCorr Int+6}
 73405 | Vaults:5 | Identified the ring of Yhoithai {Contam rPois rCorr Dex-4
                  | SInv}
 73694 | Vaults:5 | Found the +2 Maxwell's thermic engine {flame, freeze}
 73706 | Vaults:5 | Got the Incunabulum of Shifting Flight
 73740 | Vaults:5 | Identified the +1 robe "Buclem" {*Corrode Fly rPois}
 73763 | Vaults:5 | Got the Grimoire of Sinister Attacks
 73914 | Vaults:5 | Reached skill level 10 in Hexes
 73948 | Vaults:5 | Noticed a dread lich
 73960 | Vaults:5 | Killed a dread lich
 74018 | Vaults:5 | Got a silver rune of Zot
 74139 | Vaults:5 | Reached XP level 27. HP: 159/161 MP: 32/32
 75215 | Shoals:2 | Bought a wand of mindburst (7) for 116 gold pieces
 75215 | Shoals:2 | Bought a potion of curing for 87 gold pieces
 75495 | D:8      | Bought a scroll of enchant weapon for 172 gold pieces
 75670 | Orc:2    | Bought a scroll of acquirement for 780 gold pieces
 75670 | Orc:2    | Bought a scroll of enchant weapon for 112 gold pieces
 75991 | D:13     | Bought 3 potions of curing for 135 gold pieces
 76027 | D:13     | Acquired the ring of Mucig {rCorr AC+4 Dex+3 Slay+5 Stlth-}
 76105 | Depths:1 | Entered Level 1 of the Depths
 76114 | Depths:1 | Found a stormy altar of Qazlal.
 76800 | Depths:1 | Found Wyiwk's Jewellery Boutique.
 76800 | Depths:1 | Found Piock's Jewellery Boutique.
 76801 | Depths:1 | Found Veurox's Book Emporium.
 76891 | Depths:1 | Found a gateway to Hell.
 77276 | Depths:2 | Reached skill level 10 in Throwing
 77285 | Depths:2 | Noticed Saint Roka
 77411 | Depths:2 | Found Qolais's Weapon Emporium.
 77412 | Depths:2 | Found Wunes's Distillery.
 77530 | Depths:2 | Killed Saint Roka
 77890 | Depths:2 | Found a one-way gate to the infinite horrors of the Abyss.
 78454 | Depths:3 | Reached skill level 21 in Crossbows
 78571 | Depths:3 | Noticed Boris
 78597 | Depths:3 | Found a runed translucent door.
 78600 | Depths:3 | Found a runed translucent door.
 79240 | Depths:3 | Found a one-way gate leading to the halls of Pandemonium.
 79311 | Depths:3 | Found a glowing golden altar of the Shining One.
 79618 | Depths:2 | Reached skill level 22 in Crossbows
 79916 | Depths:4 | Found a hazy altar of Hepliaklqana.
 79983 | Depths:4 | You fall into a shaft and drop 1 floor!
 79983 | Depths:5 | Entered Level 5 of the Depths
 80515 | Depths:4 | Reached skill level 23 in Crossbows
 80678 | Depths:4 | Found a gateway to a ziggurat.
 81907 | Depths:4 | Identified the +4 pair of gloves of the Loofah {rC+ Str+5}
 82056 | D:13     | Upgraded the game from 0.27.1-36-g1b1ada6b1e to
                  | 0.27.1-37-g7b29ead8ac
 82310 | Depths:4 | Reached skill level 24 in Crossbows
 82512 | Depths:5 | Found Fonootz's Assorted Antiques.
 82517 | Depths:5 | Found Osatubos's Antique Weapon Shoppe.
 82708 | Depths:5 | Found a gate to the Realm of Zot.
 82730 | Depths:5 | Acquired 1121 gold pieces
 83178 | Depths:5 | Bought a jewelled arbalest for 437 gold pieces
 83178 | Depths:5 | Identified the +4 arbalest of Compassion {freeze, Str+2
                  | Dex+5} (You bought it in a shop on level 5 of the Depths)
 83184 | Depths:5 | Bought a scroll of fog for 86 gold pieces
 83211 | Zot:1    | Entered Level 1 of the Realm of Zot
 83340 | Zot:1    | Found a corrupted altar of Lugonu.
 84594 | Zot:2    | Reached skill level 25 in Crossbows
 85277 | Zot:3    | Noticed an orb of fire
 85294 | Zot:3    | Gained mutation: You tend to lose your temper in combat.
                  | [an orb of fire]
 85295 | Zot:3    | Gained mutation: Armour fits poorly on your strangely
                  | shaped body. [an orb of fire]
 85296 | Zot:3    | Killed an orb of fire
 86016 | Zot:4    | Reached skill level 26 in Crossbows
 86699 | Zot:5    | Entered Level 5 of the Realm of Zot
 86893 | Zot:5    | Found a runed translucent gate.
 86899 | Zot:5    | Found a runed translucent gate.
 86900 | Zot:5    | Found a runed translucent gate.
 86901 | Zot:5    | Noticed COBRA's ghost (veteran HOFi)
 87389 | Zot:5    | Noticed an orb of fire
 87397 | Zot:5    | Noticed an orb of fire
 87399 | Zot:5    | Noticed an ancient lich
 87401 | Zot:5    | Noticed an orb of fire
 87402 | Zot:5    | Noticed an orb of fire
 87402 | Zot:5    | Killed from afar by an orb of fire

Illustrated notes #...†......................... #....###...........###...####. #.#.## #.#.......#.# #.....##. #.######.##..D..##.###..##.##. #........###...###......##.##. #.##### ##+## #............ #.# #.# #.####.##.### #.##### #.# #.........# # #.....# ##.## #......#### # #####.# ##...####.##### # #.#####..@..###.# # #...............# # #########.####### # #.# # #.# # #.# # #.# # ##.###### # ####.......# ##.##....(..# #####.#.#.......# Turn 10696 on D:6: - little early for a hydra ≈o≈≈≈≈≈.≈ ≈.≈...≈.≈ .≈≈...≈≈. .≈.⌠∩⌠.≈. .≈..@..≈. .≈.⌠R⌠.≈. .≈≈...≈≈. ≈.≈...≈.≈ ≈.≈≈.≈≈.≈ Turn 11887 on Bailey: - damn this is a tough one .........## ##..#.........### ........## #.#..#......P#### ........# ##...###..#### #. ........# #..^..P### #. ###.....# ......## #... ###...### #......## .... #...#.# #........# .... #.....# ##........# .... ##....# #.........## .. #...... #..D.......# . ##..... #.@R.......# #..... #..>........# #..... ##..D.......## .... #....# #...........# .... ##....# #...§.....#.## #.. ## #.....## #........#...# ##† .## ##...†.# ##....#####..####.# ..# ##...## ###.## ##..<.##. ..## #....# ### ###........ ..P####...## ##########..##....## ............ #.......#).###...## Turn 23655 on Lair:1: - oh now where did you come from .........## #.#..#......P### .........# ##...###..#### # #........# #..^..P### # ####.....# ......## #.. ###...### #......## ... #...#.# #........# ... #.....# ##........# ... ##....# #.........## . #...... #..........# ##..... ##.D........# #..... #.@D........# #..... ##..........## ... #....# #...........# ... # ##....# #.........#.## #. ### #.....## #........#...# ## ..## ##...†.# ##....#####..####. ...# ##...## ###.## ##..<.## ...## #....# ### ###....... ...P####...## ##########..##....# ............. #.......#).###...## #..######...#.#......#..## ##### Turn 23658 on Lair:1: - and two 3% miscasts in a row #..#.#..#.# #...# ##.....[...### ##h♣...♣ ##..........#♣#.♣.....†♣ #.........#...♣.......... ##........+............... #.........#♣♣.....hhh..h. #.####P#.......... ### ####...h..... #hF.h..... ##hh(h..h.. #@hhh.... ##hh....h ##...... #♣..... ♣..... Turn 25990 on Lair:3: - they just keep coming .......P#........P .................P .##.#..RP........# P..(...†......... .P...(..#.......Y. .................. .................Y.. .#................._. ..........†........>. ..........#......#..) .##k@.....#.......#.. .....k.........D..... .......###........... .......##........#.## ...##........#....### ... #####........## .. ##.....P## ###......# #...#....# ##.......# ........## Turn 30676 on Lair:6: - forgot the ring... always something

...(..#......,,**,,,**,,,**,,,≈≈≈
(.....#....#*,,**,,,,**,***,,,≈≈≈
..........##.>,≈≈≈.m.*,,,,,,≈≈≈≈≈
........<....,,##≈≈≈#*,,,,,,≈≈≈≈≈
.......≈≈≈..#**#≈≈≈≈#*≈,,≈,,≈≈≈≈≈
.....≈≈≈≈..## #.≈≈≈#≈≈≈≈≈≈≈≈≈≈≈≈
†....≈≈≈≈≈.# ##.)≈.#≈≈≈≈≈≈≈≈≈≈≈≈
...≈≈≈≈≈≈≈.####≈≈≈≈##≈≈≈≈≈≈≈≈≈≈≈≈
.≈≈≈≈≈≈≈≈≈..[.≈)≈..≈≈≈≈≈≈≈≈≈≈≈≈≈≈
.≈≈≈≈≈≈≈≈≈≈≈.##≈R.≈#≈≈≈≈≈≈≈≈≈≈≈≈≈
≈≈≈≈≈≈≈≈≈≈≈≈≈##≈@!#≈.≈≈≈≈≈≈≈≈≈≈≈≈
≈≈≈≈≈≈≈≈≈≈≈..#..≈≈#..#*,≈≈≈≈≈≈≈≈≈
≈≈≈≈≈≈≈≈≈≈.###≈≈.##,##*,,,≈≈≈≈≈≈≈
≈≈≈≈≈≈≈≈≈,**#≈≈≈≈#*****,,,≈≈≈≈≈≈≈
≈≈≈≈≈≈≈≈,** #≈m≈≈≈****,,,≈≈≈≈≈≈≈≈
≈≈≈≈≈≈≈≈≈,***,,,,**,,,,,≈≈≈≈≈≈≈≈≈
≈≈≈≈≈≈≈≈≈,,,*≈,,,**,,,,,≈≈≈≈≈≈≈≈≈
≈≈≈≈≈≈≈≈≈≈,,,*,,,,*,,,,,≈≈≈≈≈≈≈≈≈
≈≈≈≈≈≈≈≈≈≈≈,,**,,,**,,,,≈≈≈≈≈≈≈≈≈
≈≈≈≈≈≈≈≈≈≈≈,,≈*,,,**,,,,≈≈≈≈≈≈≈≈≈
≈≈≈≈≈≈≈≈≈≈≈≈,,*,,,,*,,,≈≈≈≈≈≈≈≈≈≈


Turn 46368 on Shoals:1: - man this is a heck a crew here ....≈ ..... ≈..≈≈
≈≈.≈≈≈ ≈≈≈≈≈≈≈≈≈≈≈ ≈≈≈≈≈≈≈ ≈≈≈≈≈≈≈≈≈≈≈≈≈≈≈≈≈≈≈≈ ≈≈≈≈≈≈≈≈≈≈≈≈≈≈≈≈≈≈≈≈≈
≈≈≈≈≈≈....≈≈≈≈≈≈≈≈... ≈≈≈.....)..≈≈≈≈≈≈≈.## ≈≈≈....).>.≈≈≈≈≈≈.###
≈≈≈.@R##...≈≈≈≈≈≈≈≈≈≈ ≈≈≈..###....≈≈≈≈...≈≈ @....###......≈......
...........≈....≈...> ..≈≈......≈≈≈≈.≈≈.... ≈≈≈≈PPP.. ≈.(≈≈≈≈≈≈..≈..##
≈≈≈≈≈≈...# ≈..≈≈≈≈≈..≈≈≈.#. ≈≈≈≈PP.≈.. ≈≈≈≈≈≈≈≈≈≈≈≈≈≈≈. ≈≈≈≈.PP..P.
≈≈≈..≈≈≈≈≈≈≈≈.. ≈≈≈≈≈.P...# ≈....≈≈≈.≈≈≈≈≈ ≈≈≈≈P..≈.###. ....≈≈..≈≈≈ ≈ Turn
47574 on Shoals:2: - of course YOU wake up ##......# ##### ###......# ###
###.......# #######........## #.........###.#.#...........#
##...........................## #.......#########............P#
.......##©......##...........## .#.....#8.##.##.8#...........#
#......#..##.##..#...........# .......#....†...)#...........#
......©#....©...!#©..........# .......#..../..R@#..........##
.......#..##.##.$#..........# .......#8.##.##.8#......#..##
.......##.......##.######### ........#########..# ##### .......)..........##
####...## # ................### ###.......### ...........#...## #.........#P.
.........###....## #............ #......P#####....## #...........# ###..####
#.#.....###...........# Turn 69395 on Lair:1: - not bad

Levels and vault maps discovered:
D:1:      lemuel_arrival_muddy, layout_loops_ring,
          dreamdust_ecumenical_altar_angels_and_demons
D:2:      layout_basic, basic_altar
D:3:      layout_basic
D:4:      layout_basic, lemuel_tele_altar, serial_shops, kennysheep_mini,
          chequers_serial_rivers_room_a
D:5:      layout_basic, minmay_temple_entry_ruins
D:6:      layout_loops_corners, uniq_sigmund
D:7:      minmay_inner_zag, layout_loops_corners, minmay_hollow_rounded_squares,
          uniq_prince_ribbit1, uniq_duvessa, uniq_joseph
D:8:      layout_basic, serial_shops, nicolae_shop_stone, enter_bailey_3
D:9:      layout_basic
D:10:     layout_stronghold, minmay_misc_feat_five, kennysheep_kite_vault
D:11:     layout_roguey, erik_lair_orcish_takeover, minivault_16, laboratory,
          uniq_erolcha
D:12:     layout_loops_cross, david_orc_4, kennysheep_generic_room_11,
          uniq_azrael
D:13:     layout_loops_ring, skrybe_vaults_entry_preservation,
          kennysheep_cluttered_room, drop_trap, nicolae_wooded_promenade,
          uniq_sonja
D:14:     layout_long_grid, hangedman_decor_peaks_small
D:15:     hangedman_depths_entry_civil_slaughter, layout_basic,
          gauntlet_entry_generic, nicolae_ru_sacrificial_ziggurat,
          serial_curves, eino_curves_04, eino_curves_02, uniq_josephine
Temple:   compressed_dpeg_circular_temple
Lair:1:   layout_cave_pods, gammafunk_ghost_arena, beast_lair_carwin_9,
          minmay_lair_oklob_chamber
Lair:2:   kb_forest_paths, layout_regular_city, minmay_shoals_entry_hut
Lair:3:   layout_roguey, spider_nest_entry_webs, roderic_batcave,
          grunt_forest_large_clearings
Lair:4:   layout_regular_city, st_stairs_8, wad_woods_02
Lair:5:   layout_loops_ring, infiniplex_staircase_pool, uniq_nessos
Lair:6:   hangedman_lair_caniforms_friends, layout_misc_corridors,
          slime_altar_1, minivault_26
Shoals:1: layout_shoals, portal_ice_cave_entry_frozen_things,
          nicolae_shoals_pincushion_passage
Shoals:2: layout_shoals, serial_shops, nicolae_square_shop,
          nicolae_shoals_beach_house_on_fowls_legs, uniq_nikola
Shoals:3: layout_shoals, serial_shops, shop, nicolae_shoals_goliath_grotto
Shoals:4: shoals_end_simple, layout_shoals, serial_shops, shop, shop, shop,
          nicolae_shop_statue_plus, shop, nicolae_shoals_shepherds, uniq_louise,
          uniq_polyphemus
Spider:1: layout_spider_delve, einodemon_crawler_minivault
Spider:2: nicolae_spider_hilbert_zone_1 [nicolae_spider_hilbert_4_sides_1_open,
          nicolae_spider_hilbert_4_sides_1_open,
          nicolae_spider_hilbert_4_sides_1_open,
          nicolae_spider_hilbert_4_sides_1_open,
          nicolae_spider_hilbert_3_sides_1_open,
          nicolae_spider_hilbert_3_sides_1_open,
          nicolae_spider_hilbert_3_sides_1_open,
          nicolae_spider_hilbert_3_sides_1_open,
          nicolae_spider_hilbert_3_sides_1_open,
          nicolae_spider_hilbert_6_sides_1_open,
          nicolae_spider_hilbert_6_sides_1_open,
          nicolae_spider_hilbert_3_sides_1_open,
          nicolae_spider_hilbert_3_sides_1_open,
          nicolae_spider_hilbert_3_sides_1_open,
          nicolae_spider_hilbert_3_sides_1_open,
          nicolae_spider_hilbert_2_sides_1_open], uniq_aizul
Spider:3: layout_spider_delve
Spider:4: floodkiller_spider_rune_tomb, special_room [special_room_bee],
          uniq_arachne, uniq_mara
Slime:1:  layout_caves
Slime:2:  layout_caves
Slime:3:  layout_caves
Slime:4:  layout_caves, dissolution_awaits
Slime:5
Orc:1:    layout_caves, nicolae_volcano_entry_hallway
Orc:2:    st_orc_open, layout_caves
Elf:1:    eino_elf_arrival_altar, layout_rooms, hangedman_elf_disciples
Elf:2:    elven_hall_of_blades_hangedman_original [nicolae_blade_bullseye],
          layout_loops_ring, serial_shops, nicolae_shop_window_shopping,
          uniq_jorgrun
Elf:3:    elf_hall_gauntlet_wide, layout_geoelf_octagon,
          ebering_ghost_rock_garden, serial_shops, nicolae_shop_statue_plus
Vaults:1: v_rooms_2, v_misc_19, v_misc_30, vaults_mumra_hexcomb,
          nicolae_vaults_little_squares_6, nicolae_vaults_network_s,
          nicolae_vaults_alarming, layout_vaults_chaotic_city
Vaults:2: v_alt_pattern_1, grunt_vaults_bifocal, nicolae_vaults_gold_heap,
          hangedman_vaults_pinch, nicolae_vaults_murderbox,
          minmay_crypt_entry_nasty_monster, dpeg_vaults_monster_box,
          vaults_dpeg_diagonal, ontoclasm_vaults_idyll,
          nicolae_vaults_what_the_h, ontoclasm_vaults_ring_small,
          nicolae_vaults_little_ls, nicolae_vaults_angled_halls,
          nicolae_vaults_mini_display_case, v_alt_pattern_2, v_misc_3,
          layout_vaults_ring
Vaults:3: v_misc_12, v_alt_pattern_5, st_spiral_rooms, ontoclasm_vaults_twist,
          v_pattern_5, v_alt_pattern_6, vaults_room_corners,
          grunt_vaults_funnel, layout_vaults_quadrants
Vaults:4: vaults_dpeg_hooks, v_misc_8, nicolae_vaults_little_squares_3,
          vaults_mumra_minichess, vaults_room_corners,
          hangedman_vaults_capsules, ontoclasm_vaults_loading_screen, v_misc_5,
          nicolae_vaults_lopsided_apartments, v_rooms_4,
          nicolae_vaults_network_barrier, layout_vaults_omnicross
Vaults:5: uniq_margery, uniq_frederick
Depths:1: layout_cave_pools, chequers_decorated_corner, grunt_hell_horde,
          nicolae_qazlal_scattered_showers, minmay_shop_grove,
          serial_bayou_shore_a
Depths:2: hangedman_arrow_trap, layout_cave_pools, hell_entry, abyss_entry,
          drop_trap, grunt_decor_cap, minmay_shoptagon, uniq_saint_roka
Depths:3: thingy_vault_2, layout_gridlike, special_room
          [special_room_mythical_zoo], hell_entry, rand_demon_pan_entry_4,
          nicolae_tso_carved_into_rock, uniq_boris
Depths:4: minmay_three_patterns, layout_gridlike, enter_ziggurat_f,
          nicolae_hepliaklqana_hazy_memory, pf_hell_entry_tar_river,
          abyss_entry, grunt_megastairs_2
Depths:5: evilmike_zot_entry_diamond, layout_long_grid, hell_entry,
          chequers_serial_rivers_small_a, minmay_shop_star
Zot:1:    layout_onion_interference, st_stairs_4,
          amcnicky_altar_lugonu_corruption, grunt_megastairs_3
Zot:2:    layout_cathedral_of_symmetry
Zot:3:    layout_onion_interference
Zot:4:    layout_concentric_octagons, hangedman_zot_decor_slant, zot_minivault_6
Zot:5:    layout_cathedral_of_symmetry, gammafunk_ghost_split, drop_trap

Skill      XL: |  1  2  3  4  5  6  7  8  9 10 11 12 13 14 15 16 17 18 19 20 21 22 23 24 25 26 27 |
---------------+----------------------------------------------------------------------------------+-----
Crossbows      | 5 6 7 8 9 10 12 16 18 19 20 26 | 26.0
Stealth        | 2 3 4 5 6 8 10 12 14 15 18 19 20 24 | 24.0
Short Blades   | 3 7 9 12 13 15 | 15.0
Fighting       | 6 9 10 12 14 15 17 18 20 21 | 21.4
Dodging        | 7 9 11 12 13 14 15 16 18 | 18.0
Armour         | 3 4 6 7 8 9 10 12 | 12.0
Translocations | 6 9 12 13 14 15 | 15.0
Invocations    | 2 6 9 10 12 | 12.0
Evocations     | 2 9 11 12 15 18 | 18.7
Throwing       | 6 8 12 | 12.0
Shields        | 1 6 |  6.0
Hexes          | 6 9 10 12 | 12.0

Action                   |  1- 3 |  4- 6 |  7- 9 | 10-12 | 13-15 | 16-18 | 19-21 | 22-24 | 25-27 || total
-------------------------+-------+-------+-------+-------+-------+-------+-------+-------+-------++-------
Melee: Short sword       |    96 |   114 |    97 |    49 |       |       |       |       |       ||   356
       Hand crossbow     |       |     1 |       |       |       |       |       |       |       ||     1
       Rapier            |       |       |       |   356 |  1408 |  1303 |  1041 |   877 |  1494 ||  6479
       Quick blade       |       |       |       |       |       |       |       |       |   315 ||   315
 Fire: Hand crossbow     |     8 |    29 |    53 |    63 |    61 |   101 |    31 |    58 |   322 ||   726
       Triple crossbow   |       |       |       |       |       |       |       |       |   231 ||   231
Throw: Stone             |    12 |     5 |       |       |       |       |       |       |       ||    17
       Dart              |       |    44 |    33 |   166 |    67 |    72 |    19 |    14 |     3 ||   418
       Throwing net      |       |       |       |       |       |     1 |       |     8 |       ||     9
 Cast: Blink             |       |       |       |       |    40 |    13 |     8 |    10 |    32 ||   103
       Portal Projectile |       |       |       |       |       |       |       |       |    18 ||    18
       Manifold Assault  |       |       |       |       |       |       |       |       |     3 ||     3
Invok: Recall Ancestor   |       |       |     2 |     5 |     2 |     5 |     1 |     6 |     7 ||    28
       Ancestor Life: He |       |       |       |     1 |       |       |       |       |       ||     1
       Transference      |       |       |       |       |     1 |       |       |     3 |     3 ||     7
       Idealise          |       |       |       |       |       |     6 |     3 |    10 |    10 ||    29
Evoke: Wand              |       |     9 |    11 |    26 |    25 |    36 |    33 |    59 |    74 ||   273
       Tin of tremorston |       |       |       |       |       |     4 |       |     2 |       ||     6
       Phantom mirror    |       |       |       |       |       |     1 |       |       |       ||     1
       Lightning rod     |       |       |       |       |       |       |     7 |     5 |     7 ||    19
       Condenser vane    |       |       |       |       |       |       |     3 |       |     4 ||     7
       Phial of floods   |       |       |       |       |       |       |       |       |     1 ||     1
  Use: Potion            |       |     1 |     5 |     2 |     4 |     7 |     3 |     1 |    21 ||    44
       Scroll            |       |       |     7 |     6 |    14 |    11 |     2 |     6 |    40 ||    86
 Stab: Sleeping          |    17 |    17 |    24 |    31 |    49 |   107 |    70 |    82 |    60 ||   457
       Paralysed         |       |     3 |       |       |    22 |    42 |    34 |    24 |    56 ||   181
       Distracted        |       |       |       |     6 |    17 |     9 |    17 |    14 |    29 ||    92
       Confused          |       |       |       |     1 |    23 |    21 |    56 |    48 |    89 ||   238
       Invisible         |       |       |       |       |       |     2 |       |       |       ||     2
       Held in net/web   |       |       |       |       |       |     1 |       |     1 |       ||     2
       Petrified         |       |       |       |       |       |       |     3 |       |       ||     3
       Petrifying        |       |       |       |       |       |       |     1 |       |       ||     1
       Betrayed ally     |       |       |       |       |       |       |       |       |     1 ||     1
Armor: Leather armour    |    16 |    11 |       |       |       |    66 |   188 |    71 |       ||   352
       Robe              |       |     5 |    37 |    23 |       |       |       |       |       ||    65
       Steam dragon scal |       |       |       |    15 |   140 |   205 |       |       |       ||   360
       Acid dragon scale |       |       |       |       |       |       |       |    34 |   436 ||   470
Dodge: Dodged            |    54 |    98 |   145 |   418 |  1375 |  1182 |   773 |   443 |  1469 ||  5957
Block: Buckler           |       |       |       |       |       |     6 |   312 |   199 |   402 ||   919
       Reflection        |       |       |       |       |       |       |       |       |     4 ||     4
